 Dungeon Crawl Stone Soup version 0.29.1-15-g9cfb28693d (webtiles) character file.

Game seed: 17355818175240518923

268 BuddhaDhamma the Chopper (level 6, -1/52 HPs)
             Began as a Minotaur Berserker on Feb 25, 2023.
             Was a Believer of Trog.
             Slain by a gnoll
             ... wielding a +0 whip
              (2 damage)
             ... on level 4 of the Dungeon.
             The game lasted 00:08:44 (2996 turns).

BuddhaDhamma the Chopper (Minotaur Berserker)       Turns: 2996, Time: 00:08:45

Health: -1/52      AC:  9    Str: 23    XL:     6   Next: 1%
Magic:  5/5        EV:  4    Int: 12    God:    Trog [**....]
Gold:   110        SH: 11    Dex: 13    Spells: 5/5 levels left

rFire   . . .      SeeInvis .   c - +12 hammer of Plunder {freeze, Drain rC+ Int+8 Dex+3}
rCold   + . .      Faith    .   r - +0 tower shield
rNeg    . . .      Spirit   .   n - +0 chain mail
rPois   .          Reflect  .   (helmet restricted)
rElec   .          Harm     .   (no cloak)
rCorr   .          Rampage  .   (no gloves)
Will    .....                   (no boots)
Stlth   ..........              (no amulet)
HPRegen 0.17/turn               (no ring)
MPRegen 0.09/turn               (no ring)

@: weakened, on berserk cooldown, slowed, very slow
A: horns 2, retaliatory headbutt
a: Renounce Religion, Berserk, Trog's Hand


You were on level 4 of the Dungeon.
You worshipped Trog.
Trog was pleased with you.
You visited 1 branch of the dungeon, and saw 4 of its levels.

You collected 110 gold pieces.

Inventory:

Hand Weapons
 c - the +12 hammer of Plunder (weapon) {freeze, Drain rC+ Int+8 Dex+3}
   (You found it on level 2 of the Dungeon)

   It freezes those it strikes, dealing additional cold damage.
   It can also slow down cold-blooded creatures.
   Int:       It affects your intelligence (+8).
   Dex:       It affects your dexterity (+3).
   rC:        It protects you from cold.
   Drain:     It drains your maximum health when unequipped.
Armour
 n - a +0 chain mail (worn)
 r - a +0 tower shield (worn)
Jewellery
 e - a ring of fire
 o - a ring of flight
Scrolls
 b - a scroll of fog
 d - a scroll of teleportation
 q - a scroll of silence
Potions
 a - 4 potions of curing
 f - a potion of flight
 h - 3 potions of mutation
 i - a potion of heal wounds
 j - a potion of attraction {unknown}
 k - a potion of magic {unknown}
 m - a potion of might {unknown}


   Skills:
 - Level 4.0 Fighting
 - Level 4.9(5.9) Axes
 * Level 4.9(5.9) Maces & Flails
 - Level 3.0 Armour
 - Level 2.6 Dodging
 + Level 1.8 Shields


You had 5 spell levels left.
You didn't know any spells.
Your spell library was empty.

Dungeon Overview and Level Annotations

Branches:
Dungeon (4/15)
 Temple: D:4-7

Altars:
Elyvilon
Makhleb
Wu Jian


Innate Abilities, Weirdness & Mutations

You have a pair of horns on your head.
You reflexively headbutt those who attack you in melee.


Message History

Trog accepts your kill.
You have reached level 6!
You are no longer berserk.
You are exhausted.
You feel yourself slow down.
You sock the gnoll bouda! You freeze the gnoll bouda.
The gnoll bouda is heavily wounded.
The gnoll barely misses you.
The gnoll bouda hits you with a +0 whip.
You block the gnoll's attack.
The gnoll bouda gazes fiercely through you!
You feel as though you will be weak longer.
The gnoll bouda hits you with a +0 whip!
* * * LOW HITPOINT WARNING * * *
The gnoll hits you but does no damage. x2
You hit the gnoll bouda. You freeze the gnoll bouda.
You headbutt the gnoll bouda.
The gnoll bouda is almost dead.
The gnoll hits you from afar with a +0 spear.
* * * LOW HITPOINT WARNING * * *
The gnoll bouda gazes fiercely through you!
You feel as though you will be weak longer.
The gnoll bouda hits you with a +0 whip.
* * * LOW HITPOINT WARNING * * *
The gnoll hits you with a +0 whip.
* * * LOW HITPOINT WARNING * * *
The gnoll hits you but does no damage. The gnoll bouda barely misses you.
You block the worm's attack. You block the gnoll's attack.
The gnoll bouda gazes fiercely through you!
You feel as though you will be weak longer.
The gnoll bouda hits you with a +0 whip.
* * * LOW HITPOINT WARNING * * *
The gnoll barely misses you. The worm bites you.
* * * LOW HITPOINT WARNING * * *
You sock the gnoll bouda! You freeze the gnoll bouda.
You kill the gnoll bouda!
Trog accepts your kill.
The gnoll is no longer moving quickly.
You block the gnoll's attack. The gnoll hits you but does no damage.
The gnoll hits you with a +0 whip.
You die...

#.......
####......
..........
........[
.........
........#######
......))g.....#
..#.#.#w#.#.#.#
......)@).....#.#
#...⌠.g)..⌠...#..
......._.........
#...⌠.....⌠...####
........††........
/.#.#.#.#.#.#..#
..........†....###
.###...#.....#...#
#...........#


You could see a worm and 2 gnolls.

Vanquished Creatures
  A hound (D:4)
  Crazy Yiuf (D:2)
  A gnoll bouda (D:4)
  Jessica (D:2)
  7 gnolls (D:4)
  5 adders
  A worm (D:2)
  A dart slug (D:1)
  An orc (D:3)
  5 endoplasms
  3 giant cockroaches (D:1)
  4 goblins
  5 hobgoblins
  7 jackals
  9 kobolds
  3 quokkas
  3 ball pythons
  4 bats
  2 frilled lizards
  4 rats
68 creatures vanquished.

Vanquished Creatures (others)
  2 fungi (D:2)
  3 plants (D:2)
5 creatures vanquished.

Grand Total: 73 creatures vanquished

Notes
Turn   | Place    | Note
-------+----------+-------------------------------------------
     0 | D:1      | BuddhaDhamma the Minotaur Berserker began the quest for the
                  | Orb.
     0 | D:1      | Reached XP level 1. HP: 19/19 MP: 0/0
   177 | D:1      | Reached XP level 2. HP: 26/27 MP: 1/1
   896 | D:2      | Found a burning altar of Makhleb.
   928 | D:2      | Reached XP level 3. HP: 33/33 MP: 2/2
   990 | D:2      | Reached ** piety under Trog
  1176 | D:2      | Identified the +12 hammer of Plunder {freeze, Drain rC+
                  | Int+8 Dex+3}
  1179 | D:2      | Found a runed translucent door.
  1183 | D:2      | Noticed Crazy Yiuf
  1192 | D:2      | Killed Crazy Yiuf
  1193 | D:2      | Reached skill level 1 in Maces & Flails
  1193 | D:2      | Reached XP level 4. HP: 9/40 MP: 3/3
  1195 | D:2      | Identified the +7 hammer of Bianajoj {protect, Int+4}
  1831 | D:2      | Found a faded altar of an unknown god.
  1915 | D:2      | Identified the +2 robe "Reag" {Drain Int+4 Slay+5}
  1917 | D:2      | Noticed Jessica
  1928 | D:2      | Killed Jessica
  1929 | D:2      | Reached XP level 5. HP: 24/46 MP: 4/4
  2855 | D:3      | Found an ornate altar of the Wu Jian Council.
  2962 | D:4      | Found a white marble altar of Elyvilon.
  2977 | D:4      | Reached skill level 1 in Shields
  2993 | D:4      | Reached XP level 6. HP: 39/52 MP: 5/5
  2995 | D:4      | HP: 2/52 [gnoll bouda/+0 whip (2)]
  2996 | D:4      | Slain by a gnoll

Illustrated notes

Levels and vault maps discovered:
D:1:      dpeg_arrival_arbitrary_a, layout_basic
D:2:      layout_loops_corners, dreamdust_ecumenical_altar_grove, basic_altar,
          uniq_crazy_yiuf_cottage, uniq_jessica
D:3:      layout_basic, nzn_wu_jian_council_hall, minmay_crystal_room
D:4:      layout_basic, elyvilon_altar_5, uniq_pikel

Skill      XL: |  1  2  3  4  5 |
---------------+----------------+-----
Axes           | 4 |  4.9
Fighting       | 4 |  4.0
Armour         | 3 |  3.0
Maces & Flails | 1 3 4 |  4.9
Shields        | 1 |  1.8
Dodging        | |  2.6

Action                   |  1- 3 |  4- 6 || total
-------------------------+-------+-------++-------
Melee: Hand axe          |    71 |       ||    71
       Headbutt          |     9 |     5 ||    14
       Punch             |     2 |       ||     2
       Mace              |     5 |    59 ||    64
Invok: Berserk           |       |     1 ||     1
  Use: Scroll            |       |    11 ||    11
Armor: Ring mail         |    29 |       ||    29
       Chain mail        |       |    34 ||    34
Dodge: Dodged            |    40 |    17 ||    57
Block: Buckler           |     3 |     2 ||     5
       Tower shield      |       |    24 ||    24
